 Dungeon Crawl Stone Soup version 0.29.1-2-gbd0b4ee654 (webtiles) character file.

Game seed: 8620619663427192569

272910 KittyFluff the Bludgeoner (level 20, -9/127 HPs)
             Began as a Gargoyle Berserker on Nov 25, 2022.
             Was a High Priest of Trog.
             Killed from afar by an ironbound frostheart (27 damage)
             ... by creeping frost
             ... on level 1 of the Vaults on Nov 27, 2022.
             The game lasted 05:03:02 (36299 turns).

KittyFluff the Bludgeoner (Gargoyle Berserker)     Turns: 36299, Time: 05:03:04

Health: -9/127     AC: 37    Str: 35    XL:     20   Next: 27%
Magic:  20/20      EV: 17    Int: 11    God:    Trog [*****.]
Gold:   2738       SH: 19    Dex: 11    Spells: 19/19 levels left

rFire   + + .      SeeInvis .   N - +5 eveningstar "Qome" {flame, rElec rPois}
rCold   + . .      Faith    .   l - +1 kite shield {rC+}
rNeg    + . .      Spirit   .   u - +4 scale mail of the Carpenter {rCorr Str+4 Stlth+}
rPois   ∞          Reflect  +   q - +1 helmet
rElec   +          Harm     .   a - scarf {+Inv}
rCorr   +          Rampage  .   S - +2 pair of gloves {hurl}
Will    +....                   g - +1 pair of boots "Botedwiu" {rElec rF++}
Stlth   +++.......              L - amulet of reflection
HPRegen 0.31/turn               H - +6 ring of strength
MPRegen 0.17/turn               P - +4 ring of evasion

@: about to teleport, on berserk cooldown, flying, slowed, studying Evocations,
very slow
A: sickness immunity, AC +15, big wings, negative energy resistance 1,
electricity resistance, torment resistance 1, petrification resistance
}: 2/15 runes: decaying, serpentine
a: Renounce Religion, Evoke Invisibility, Berserk, Trog's Hand, Brothers in Arms


You were on level 1 of the Vaults.
You worshipped Trog.
Trog was extremely pleased with you.
You visited 7 branches of the dungeon, and saw 32 of its levels.
You visited the Abyss 1 time.
You also visited: Gauntlet.

You collected 3587 gold pieces.
You spent 849 gold pieces at shops.

Inventory:

Hand Weapons
 c - a +9 demon whip of venom
 w - the +14 obsidian axe {vorpal, Mesm Drain Fly SInv}
   (You found it on level 14 of the Dungeon)

   It inflicts extra damage upon your enemies.
   It occasionally summons demons to assist the wielder when it strikes in
   combat.
   Its wielder is mesmerised by any visible foes.
   It cannot be unequipped while any foes are visible.
   SInv:      It lets you see invisible.
   Fly:       It grants you flight.
   Drain:     It drains your maximum health when unequipped.
 N - the +5 eveningstar "Qome" (weapon) {flame, rElec rPois}
   (You acquired it on level 1 of the Lair of Beasts)

   It burns those it strikes, dealing additional fire damage.
   rElec:     It insulates you from electricity.
   rPois:     It protects you from poison.
 W - a +2 sling of freezing
Missiles
 x - 12 silver javelins
 y - 20 javelins
 A - 10 poisoned darts (quivered)
 J - 2 atropa-tipped darts
 M - 5 curare-tipped darts
 V - 7 throwing nets
Armour
 a - a scarf of invisibility (worn)
 d - a +0 tower shield of positive energy
 g - the +1 pair of boots "Botedwiu" (worn) {rElec rF++}
   (You found it in a Gauntlet)

   rF:        It greatly protects you from fire.
   rElec:     It insulates you from electricity.
 l - a +1 kite shield of cold resistance (worn)
 q - a +1 helmet (worn)
 u - the +4 scale mail of the Carpenter (worn) {rCorr Str+4 Stlth+}
   (You found it on level 14 of the Dungeon)

   Str:       It affects your strength (+4).
   rCorr:     It protects you from acid and corrosion.
   Stlth:     It makes you more stealthy.
 D - the +1 leather armour of the Beasts {Regen+ Str+2 Int-3}
   (You bought it in a shop on level 5 of the Dungeon)

   Str:       It affects your strength (+2).
   Int:       It affects your intelligence (-3).
   Regen:     It increases your rate of health regeneration.
 S - a +2 pair of gloves of hurling (worn)
Jewellery
 n - a +4 ring of evasion
 p - a ring of protection from cold
 r - an amulet of regeneration
 H - a +6 ring of strength (left hand)
 L - an amulet of reflection (around neck)
 P - a +4 ring of evasion (right hand)
 Y - a ring of protection from fire
Wands
 e - a wand of digging (7)
 j - a wand of mindburst (18)
 o - a wand of flame (69)
 B - a wand of roots (37)
 F - a wand of charming (62)
 O - a wand of light (8)
 X - a wand of polymorph (37)
Scrolls
 b - 7 scrolls of enchant armour
 f - 3 scrolls of fear
 s - 27 scrolls of teleportation
 v - 3 scrolls of immolation
 z - 4 scrolls of blinking
 I - 4 scrolls of magic mapping
 R - 3 scrolls of summoning
 T - 5 scrolls of fog
 U - 8 scrolls of poison
 Z - a scroll of silence
Potions
 h - 6 potions of might
 i - 5 potions of invisibility
 k - 7 potions of mutation
 t - 8 potions of attraction
 C - 12 potions of curing
 E - 4 potions of haste
 G - 2 potions of resistance
 K - 4 potions of heal wounds
 Q - a potion of cancellation
Miscellaneous
 m - a condenser vane


   Skills:
 + Level 14.1 Fighting
 + Level 18.4 Maces & Flails
 * Level 10.4 Ranged Weapons
 * Level 11.5 Throwing
 * Level 13.6 Armour
 + Level 9.5 Dodging
 + Level 6.7 Stealth
 * Level 17.4 Shields
 * Level 9.8 Evocations


You had 19 spell levels left.
You didn't know any spells.
Your spell library contained the following spells:

 Spells                   Type           Power      Damage    Failure   Level
 Slow                     Hex            0%         N/A       65%         1
 Cause Fear               Hex            0%         N/A       100%        4
 Silence                  Hex/Air        0%         N/A       100%        5
 Discord                  Hex            0%         N/A       100%        8


Dungeon Overview and Level Annotations

Branches:
Dungeon (15/15)            Temple (0/1) D:7            Lair (5/5) D:11
  Swamp (4/4) Lair:2        Snake (4/4) Lair:2        Slime (0/5) Lair:4
    Orc (2/2) D:9             Elf (1/3) Orc:2        Vaults (1/5) D:14
 Depths (0/4) D:15        Gauntlet (visited)

Altars:
Ashenzari
Kikubaaqudgha
Nemelex Xobeh
Qazlal
Sif Muna
Wu Jian
Yredelemnul
Jiyva

Shops:
D:5 [   D:12 *   D:13 *   D:14 *   Orc:2 [*=(   Snake:1 [   Snake:3 ?
Snake:4 :**:

Annotations:
D:15 3 runed translucent doors, Vuirau's ghost, journeyman DsGl
Elf:1 6 runed translucent doors


Innate Abilities, Weirdness & Mutations

You are immune to sickness and miasma.
Your stone body is resilient. (AC +15)
You are immune to poison.
Your large and strong wings let you fly.
You resist negative energy. (rN+)
You are resistant to electric shocks. (rElec)
You are resistant to unholy torment.
You are immune to petrification.


Message History

The ironbound preserver is healed somewhat.
Strange energies crackle from the ironbound thunderhulk's apparatus.
The ironbound thunderhulk blinks!
The yaktaur captain shoots a bolt.
The bolt hits you!! The bolt burns you.
You barely miss the deep troll.
Electricity crackles from the ironbound thunderhulk's apparatus.
The bolt of lightning misses you.
The yaktaur captain shoots a bolt.
The bolt hits you but does no damage. The deep troll barely misses you.
The deep troll closely misses you. x2
An ironbound frostheart comes into view.
As you read the scroll of teleportation, it crumbles to dust.
You feel strangely unstable. You block the deep troll's attack.
The deep troll claws you but does no damage.
You block the deep troll's attack.
The ironbound preserver mumbles some strange words.
The ironbound preserver is healed somewhat.
You hit the deep troll. You burn the deep troll.
The deep troll is lightly wounded.
The deep troll bites you but does no damage.
You block the deep troll's attack. The deep troll claws you!
* * * LOW HITPOINT WARNING * * *
You closely miss the deep troll.
The deep troll is lightly wounded.
The deep troll bites you but does no damage.
You block the deep troll's attack. The deep troll barely misses you.
The ironbound preserver hits you with a +0 mace!
* * * LOW HITPOINT WARNING * * *
You block the ironbound convoker's attack.
You bludgeon the deep troll!! You burn the deep troll.
The deep troll is severely wounded.
You block the deep troll's attack.
The deep troll claws you but does no damage.
You block the deep troll's attack.
You block the ironbound preserver's attack.
The ironbound convoker casts a spell at the deep troll.
The deep troll seems to grow stronger.
A great orb of eyes comes into view.
The ironbound frostheart calls freezing cold from the walls.
The frost grips you!! You partially resist.
You die...

....###...........##
....# ##.........##
....# ###.....###
....#######'############
....#...#.......#.....G.
....#...#.......#...c.
....#.#.#.#.#...#.#p#
....#.......#...>...#
....'.......#..T@p..#
#'###'##########p####
#......# #####pTc#
#......# #...#.O.#
#.#''#.# #...#...#
###~~### #...#..##
###~~### #...)..#
#.#''#.# #.#.)).#
#......# #..###


You could see an ironbound preserver (strong), an ironbound thunderhulk, a
yaktaur captain, a great orb of eyes (wandering), an ironbound frostheart, a
centaur warrior, 2 deep trolls and 2 ironbound convokers.

Vanquished Creatures
  Bai Suzhen (Snake:4)
  A tentacled monstrosity (Swamp:4)
  Rupert (D:14)
  Frances (Swamp:2)
  Gastronok (Lair:2)
  An azure jelly (Swamp:4)
  15 nagarajas
  Louise (Snake:3)
  An orc warlord (Orc:2)
  A ghoul (Swamp:2)
  Aizul (Snake:3)
  An ironbound preserver (Vaults:1)
  5 dire elephants (Vaults:1)
  10 bunyips
  8 eleionomae
  A minotaur (Gauntlet)
  Snorg (D:10)
  An ettin (Orc:2)
  A shambling mangrove (Swamp:3)
  5 salamander tyrants
  Harold (Lair:2)
  4 vault guards (D:14)
  21 hydras
  A boulder beetle (D:14)
  3 ice dragons
  An ironbound frostheart (Vaults:1)
  A spriggan air mage (Swamp:1)
  2 catoblepae
  An ogre mage (D:14)
  8 centaur warriors
  The ghost of Lutefisk the Grappler, a novice TrWr (D:10)
  4 anacondas
  14 two-headed ogres
  A death knight (D:13)
  A ghost crab (Swamp:3)
  13 naga warriors
  6 alligators
  6 death yaks (Lair:2)
  2 tengu warriors (D:14)
  17 naga sharpshooters
  3 orc high priests
  7 shock serpents
  2 spriggan berserkers (Swamp:1)
  Urug (D:10)
  16 spriggans
  Nergalle (Lair:3)
  Sonja (Lair:1)
  A fire crab (Gauntlet)
  5 goliath frogs
  3 skeletal warriors (D:13)
  6 deep trolls (Vaults:1)
  A swamp dragon (Swamp:3)
  2 salamander mystics
  4 sea snakes
  A wizard (D:15)
  8 naga ritualists
  2 bog bodies
  A lindwurm (Lair:2)
  3 spriggan druids
  5 orc knights
  A deep elf zephyrmancer (D:15)
  2 deep elf pyromancers
  3 harpies (Vaults:1)
  A necromancer (D:15)
  A will-o-the-wisp (Swamp:3)
  3 orc sorcerers
  A wolf spider zombie (D:15)
  24 ugly things
  8 mana vipers
  8 slime creatures
  2 wolf spiders (Lair:3)
  6 cyclopes
  23 salamanders
  Joseph (D:8)
  31 black mambas
  17 elephants
  A centaur zombie (D:15)
  5 guardian serpents
  A gargoyle (D:13)
  A centaur skeleton (D:15)
  14 cane toads
  10 naga magi
  A redback zombie (D:15)
  10 komodo dragons
  5 yaktaurs (Vaults:1)
  2 kobold demonologists
  3 rime drakes
  2 tengu conjurers (D:15)
  4 freezing wraiths (Swamp:4)
  2 unseen horrors
  An efreet (D:15)
  A yaktaur (shapeshifter) (D:13)
  3 trolls
  3 meliai (D:14)
  12 hornets
  13 tyrant leeches
  3 polar bears
  8 blink frogs (Lair:5)
  Prince Ribbit (D:9)
  11 flying skulls (Gauntlet)
  Sigmund (D:2)
  A centaur simulacrum (D:15)
  6 shadows
  4 wraiths
  38 yaks
  6 wyverns
  5 fire bats (Gauntlet)
  9 vampire mosquitoes
  4 steam dragons
  3 wargs (Orc:1)
  5 swamp worm simulacra (Swamp:4)
  5 basilisks
  12 swamp worms
  3 acid dragons
  11 water moccasins
  13 hydra simulacra (Swamp:4)
  45 nagas
  2 hell hounds (Gauntlet)
  7 swamp drakes
  3 sky beasts (D:10)
  4 black bears
  An ice beast (D:6)
  29 orc warriors
  18 wolves
  15 ogres
  3 centaurs
  2 kobold brigands
  15 bullfrogs
  2 necrophages (Swamp:2)
  3 scorpions
  11 wights
  14 killer bees
  7 electric eels
  6 howler monkeys
  6 hounds
  2 gnoll boudas
  Crazy Yiuf (D:7)
  4 jellies
  28 orc priests
  2 iguanas
  Natasha (twice) (D:2)
  33 orc wizards
  5 hell rats (Lair:5)
  Robin (D:2)
  8 adders
  14 gnolls
  5 shadow imps
  2 white imps
  3 ufetubi
  3 swamp drake simulacra (Swamp:4)
  A dart slug (D:4)
  81 orcs
  8 ball pythons
  11 endoplasms
  4 giant cockroaches
  25 goblins
  9 hobgoblins
  8 jackals
  12 kobolds
  3 quokkas
  8 bats
  3 frilled lizards
  7 rats
1100 creatures vanquished.

Vanquished Creatures (collateral kills)
  An ice dragon (Swamp:4)
  A hydra simulacrum (Swamp:4)
2 creatures vanquished.

Vanquished Creatures (others)
  An eleionoma (Swamp:3)
  A hydra (Swamp:4)
  2 bloated husks
  A swamp worm (Swamp:4)
  26 demonic plants (Gauntlet)
  6 foxfires (Swamp:3)
  37 fungi
  126 plants
  A withered plant (Gauntlet)
201 creatures vanquished.

Grand Total: 1303 creatures vanquished

Notes
Turn   | Place    | Note
-------+----------+-------------------------------------------
     0 | D:1      | KittyFluff the Gargoyle Berserker began the quest for the
                  | Orb.
     0 | D:1      | Reached XP level 1. HP: 14/14 MP: 1/1
   261 | D:1      | Reached XP level 2. HP: 4/19 MP: 2/2
   689 | D:1      | Found a faded altar of an unknown god.
   809 | D:1      | Reached XP level 3. HP: 20/24 MP: 3/3
   886 | D:1      | Reached ** piety under Trog
  1486 | D:2      | Noticed Natasha
  1493 | D:2      | Killed Natasha
  1494 | D:2      | Reached XP level 4. HP: 19/29 MP: 4/4
  1666 | D:2      | Noticed Sigmund
  1680 | D:2      | Killed Sigmund
  1681 | D:2      | Reached skill level 4 in Maces & Flails
  1681 | D:2      | Reached XP level 5. HP: 26/34 MP: 5/5
  1681 | D:2      | Reached XP level 6. HP: 30/39 MP: 6/6
  1705 | D:2      | Identified the +9 whip of the Traitor {venom, *Corrode rN+
                  | Will+ Dex+4}
  1935 | D:2      | Noticed Robin
  1942 | D:2      | Reached skill level 5 in Maces & Flails
  1954 | D:2      | Reached *** piety under Trog
  1959 | D:2      | Killed Robin
  2161 | D:2      | Noticed Natasha
  2172 | D:2      | Killed Natasha
  2355 | D:3      | Reached skill level 1 in Stealth
  2854 | D:3      | Reached XP level 7. HP: 44/44 MP: 7/7
  2905 | D:4      | Reached **** piety under Trog
  3175 | D:4      | Reached skill level 6 in Maces & Flails
  3883 | D:5      | Entered Level 5 of the Dungeon
  3955 | D:5      | Reached XP level 8. HP: 45/48 MP: 8/8
  4016 | D:5      | Reached skill level 5 in Fighting
  4044 | D:5      | Found a stormy altar of Qazlal.
  4222 | D:5      | Found Anizav's Antique Armour Shoppe.
  4226 | D:5      | Found Betotuk's Antique Weapon Shoppe.
  4249 | D:5      | Reached skill level 7 in Maces & Flails
  4262 | D:5      | Reached ***** piety under Trog
  4309 | D:5      | Bought a twisted leather armour for 182 gold pieces
  4309 | D:5      | Identified the +1 leather armour of the Beasts {Regen+
                  | Str+2 Int-3} (You bought it in a shop on level 5 of the
                  | Dungeon)
  4488 | D:5      | Reached skill level 5 in Armour
  5019 | D:6      | Reached skill level 8 in Maces & Flails
  5023 | D:6      | Found a broken altar of Ashenzari.
  5035 | D:6      | Reached XP level 9. HP: 54/54 MP: 9/9
  5095 | D:6      | Reached skill level 1 in Throwing
  5904 | D:7      | Reached skill level 9 in Maces & Flails
  6111 | D:7      | Found a runed translucent door.
  6112 | D:7      | Noticed Crazy Yiuf
  6119 | D:7      | Killed Crazy Yiuf
  6356 | D:7      | Reached XP level 10. HP: 61/61 MP: 10/10
  6465 | D:7      | Found a basalt altar of Yredelemnul.
  6682 | D:7      | Found a staircase to the Ecumenical Temple.
  6951 | D:5      | Bought a pair of runed gloves for 195 gold pieces
  7144 | D:8      | Received a gift from Trog
  7411 | D:8      | Noticed Joseph
  7424 | D:8      | Killed Joseph
  7729 | D:8      | Found a shimmering blue altar of Sif Muna.
  7830 | D:9      | Reached skill level 10 in Maces & Flails
  7852 | D:9      | Noticed Prince Ribbit
  7862 | D:9      | Killed Prince Ribbit
  7876 | D:9      | Reached skill level 5 in Dodging
  8190 | D:9      | Found a staircase to the Orcish Mines.
  8329 | D:9      | Reached XP level 11. HP: 64/68 MP: 11/11
  8353 | D:9      | Found a sparkling altar of Nemelex Xobeh.
  8464 | D:10     | Entered Level 10 of the Dungeon
  8699 | D:10     | Noticed an ice dragon
  8724 | D:10     | Killed an ice dragon
  8949 | D:10     | Found an ornate altar of the Wu Jian Council.
  8955 | D:10     | Noticed Urug
  9156 | D:5      | Bought a buckler for 117 gold pieces
  9272 | D:10     | Reached skill level 11 in Maces & Flails
  9290 | D:10     | Noticed Snorg
  9297 | D:10     | Killed Urug
  9365 | D:10     | Killed Snorg
  9366 | D:10     | Reached skill level 5 in Throwing
  9366 | D:10     | Reached skill level 1 in Shields
  9693 | D:10     | Found a runed translucent gate.
  9693 | D:10     | Found a runed translucent gate.
  9693 | D:10     | Found a runed translucent gate.
  9698 | D:10     | Noticed Lutefisk's ghost (novice TrWr)
  9703 | D:10     | Found a viscous altar of Jiyva.
 10384 | D:11     | Reached skill level 5 in Stealth
 10459 | D:11     | Found a staircase to the Lair.
 10484 | D:11     | Received a gift from Trog
 10546 | D:11     | Reached XP level 12. HP: 74/76 MP: 12/12
 10715 | D:11     | Noticed a two-headed ogre
 10724 | D:11     | Killed a two-headed ogre
 10725 | D:11     | Reached skill level 12 in Maces & Flails
 10729 | D:11     | Noticed a two-headed ogre
 10755 | D:11     | Killed a two-headed ogre
 10782 | D:11     | Reached XP level 13. HP: 80/80 MP: 13/13
 10859 | D:10     | Reached skill level 10 in Shields
 11109 | D:10     | Killed Lutefisk's ghost
 11237 | D:11     | Reached skill level 1 in Ranged Weapons
 11730 | D:11     | Identified the +2 robe of Hepliaklqana's Hatred {Contam
                  | rElec Int+9 Stlth-}
 12123 | Lair:1   | Entered Level 1 of the Lair of Beasts
 12493 | Lair:1   | Noticed Sonja
 12513 | Lair:1   | Killed Sonja
 12514 | Lair:1   | Reached skill level 10 in Fighting
 12628 | Lair:1   | Identified 2 scrolls of acquirement
 12629 | Lair:1   | Acquired the +5 eveningstar "Qome" {flame, rElec rPois}
 12630 | Lair:1   | Acquired a manual of Maces & Flails
 12929 | Lair:1   | Identified the +1 sling "Maatuv" {vorpal, rPois rN+++ Str-5
                  | Stlth+}
 13118 | Lair:2   | Noticed Gastronok
 13148 | Lair:2   | Killed Gastronok
 13253 | Lair:2   | Gained mutation: Your large and strong wings let you fly.
                  | [Gargoyle growth]
 13253 | Lair:2   | Reached XP level 14. HP: 77/88 MP: 14/14
 13541 | Lair:2   | Reached skill level 1 in Evocations
 13565 | Lair:2   | Found a staircase to the Swamp.
 13744 | Lair:2   | Reached skill level 13 in Maces & Flails
 13866 | Lair:2   | Noticed Harold
 13886 | Lair:2   | Killed Harold
 14073 | Lair:2   | Found a staircase to the Snake Pit.
 14324 | Lair:2   | Received a gift from Trog
 14719 | Lair:3   | Reached skill level 5 in Ranged Weapons
 14824 | Lair:3   | Noticed Nergalle
 14845 | Lair:3   | Killed Nergalle
 15446 | Lair:3   | Reached skill level 14 in Maces & Flails
 16223 | Lair:4   | Found a staircase to the Slime Pits.
 16432 | Lair:5   | Entered Level 5 of the Lair of Beasts
 16463 | Lair:4   | Reached XP level 15. HP: 95/95 MP: 15/15
 17559 | Lair:5   | Received a gift from Trog
 17970 | D:12     | Found Lihong's Assorted Antiques.
 18320 | D:12     | Reached skill level 15 in Maces & Flails
 19033 | D:13     | Identified the +1 leather armour "Qiap Usch" {Fly rF+}
 19110 | D:13     | Found Heugoceku's Assorted Antiques.
 19188 | D:13     | Found a gate leading to a gauntlet.
 19207 | Gauntlet | Entered a Gauntlet
 19207 | Gauntlet | Found a transporter.
 19215 | Gauntlet | Found a runed translucent door.
 19217 | Gauntlet | Found a transporter.
 19220 | Gauntlet | Found a runed translucent door.
 19231 | Gauntlet | Found a transporter.
 19235 | Gauntlet | Found a transporter.
 19246 | Gauntlet | Found a transporter.
 19267 | Gauntlet | Found a transporter.
 19281 | Gauntlet | Found a transporter.
 19309 | Gauntlet | Found a transporter.
 19313 | Gauntlet | Found a transporter.
 19319 | Gauntlet | Found a transporter.
 19319 | Gauntlet | Found a transporter.
 19323 | Gauntlet | Found a transporter.
 19380 | Gauntlet | Identified the ring of Uskayaw's Indignation {AC+4 Int+4}
 19397 | Gauntlet | Reached XP level 16. HP: 93/100 MP: 16/16
 19528 | Gauntlet | Identified the +1 pair of boots "Botedwiu" {rElec rF++}
 19633 | Gauntlet | Got the Meditations on Guile
 20393 | D:13     | Received a gift from Trog
 20394 | D:13     | Reached skill level 5 in Evocations
 20444 | D:14     | Found an ancient bone altar of Kikubaaqudgha.
 20444 | D:14     | Found the +14 obsidian axe {vorpal, Mesm Drain Fly SInv}
 20604 | D:14     | Found a gate to the Vaults.
 20915 | D:14     | Found Extout's CLEARANCE SALE!.
 20928 | D:14     | Identified the +4 scale mail of the Carpenter {rCorr Str+4
                  | Stlth+}
 20947 | D:14     | Bought a potion of haste for 30 gold pieces
 20947 | D:14     | Bought a wand of mindburst (9) for 37 gold pieces
 21082 | D:14     | Reached XP level 17. HP: 106/106 MP: 17/17
 21436 | D:15     | Entered Level 15 of the Dungeon
 21436 | D:15     | Noticed Rupert
 21518 | D:14     | Killed Rupert
 21519 | D:14     | Reached skill level 16 in Maces & Flails
 22041 | D:15     | Found a runed translucent gate.
 22047 | D:15     | Found a runed translucent gate.
 22047 | D:15     | Found a runed translucent gate.
 22050 | D:15     | Noticed Vuirau's ghost (journeyman DsGl)
 22292 | D:15     | Received a gift from Trog
 22567 | D:15     | Found a staircase to the Depths.
 22825 | Orc:1    | Entered Level 1 of the Orcish Mines
 23178 | Orc:2    | Entered Level 2 of the Orcish Mines
 23331 | Orc:1    | Reached ****** piety under Trog
 23517 | Orc:1    | Received a gift from Trog
 24204 | Orc:2    | Paralysed by an orc sorcerer for 5 turns
 24569 | Orc:2    | Found a staircase to the Elven Halls.
 24686 | Orc:2    | Paralysed by an orc sorcerer for 3 turns
 24731 | Orc:2    | Found Jaettosm's Antique Weapon Boutique.
 24758 | Orc:2    | Found Kuvo's General Store.
 24774 | Orc:2    | Found Bihukh's Antique Armour Boutique.
 24790 | Orc:2    | Found Quqeb's Jewellery Boutique.
 24876 | Elf:1    | Entered Level 1 of the Elven Halls
 24876 | Elf:1    | Found a runed translucent gate.
 24876 | Elf:1    | Found a runed translucent gate.
 24876 | Elf:1    | Found a runed translucent gate.
 24876 | Elf:1    | Found a runed translucent gate.
 24876 | Elf:1    | Found a runed translucent gate.
 24876 | Elf:1    | Found a runed translucent gate.
 25114 | Snake:1  | Entered Level 1 of the Snake Pit
 25699 | Snake:1  | Received a gift from Trog
 25842 | Snake:1  | Reached skill level 10 in Throwing
 25933 | Snake:1  | Found Oklips's Armour Boutique.
 26275 | Snake:2  | Reached XP level 18. HP: 81/113 MP: 18/18
 26417 | Snake:2  | You are sucked into a shaft and drop 1 floor!
 26554 | Snake:2  | Reached skill level 17 in Maces & Flails
 26961 | Snake:2  | Received a gift from Trog
 27999 | Snake:3  | Reached skill level 15 in Shields
 28074 | Snake:3  | Noticed Aizul
 28110 | Snake:3  | Killed Aizul
 28281 | Snake:3  | Noticed Louise
 28290 | Snake:3  | Found Winisch's Magic Scroll Shoppe.
 28299 | Snake:3  | Bought a scroll of magic mapping for 127 gold pieces
 28299 | Snake:3  | Bought a scroll of silence for 161 gold pieces
 28386 | Abyss:3  | Cast into level 3 of the Abyss (Louise)
 28404 | Snake:3  | Escaped the Abyss
 28409 | Snake:3  | Killed Louise
 28530 | Snake:4  | Entered Level 4 of the Snake Pit
 28600 | Snake:4  | Found Diahil's Assorted Antiques.
 28643 | Snake:4  | Found Rezyvom's Book Shop.
 29428 | Snake:4  | Noticed Bai Suzhen
 29440 | Snake:4  | Killed Bai Suzhen
 29597 | Snake:4  | Found Nontial's Book Boutique.
 29651 | Snake:4  | Found Bosuilub's General Store.
 29658 | Snake:4  | Received a gift from Trog
 30409 | Snake:4  | Reached XP level 19. HP: 119/119 MP: 19/19
 31099 | Snake:4  | Reached skill level 18 in Maces & Flails
 31105 | Snake:4  | Got a serpentine rune of Zot
 31269 | Swamp:1  | Entered Level 1 of the Swamp
 31324 | Swamp:1  | Acquired a manual of Evocations
 31825 | Swamp:1  | Received a gift from Trog
 32145 | Swamp:2  | Noticed Frances
 32166 | Swamp:2  | Killed Frances
 33005 | Swamp:3  | Reached skill level 10 in Ranged Weapons
 33433 | Swamp:4  | Entered Level 4 of the Swamp
 33465 | Swamp:4  | Noticed a tentacled monstrosity
 33472 | Swamp:4  | Killed a tentacled monstrosity
 34206 | Swamp:4  | Identified the +8 morningstar of Kedourch {flame, rC- rN+
                  | Str+5} (Trog gifted it to you on level 4 of the Swamp)
 34206 | Swamp:4  | Received a gift from Trog
 34289 | Swamp:4  | Reached XP level 20. HP: 33/117 MP: 17/20
 34389 | Swamp:4  | Got a decaying rune of Zot
 35266 | Vaults:1 | Entered Level 1 of the Vaults
 36275 | Vaults:1 | Received a gift from Trog
 36299 | Vaults:1 | Killed from afar by an ironbound frostheart

Illustrated notes

Levels and vault maps discovered:
D:1:      matt_arrival_diagonals, layout_basic, chequers_ecumenical_altar_grove
D:2:      kennysheep_the_goblin_king, layout_rooms, minmay_split_cup_small,
          uniq_sigmund, uniq_robin, uniq_natasha
D:3:      layout_basic, minmay_distorted
D:4:      layout_loops_ring, hangedman_abyss_or_decor_passed,
          nicolae_figureground_sparkle
D:5:      layout_loops_cross, overflow_temple_1_default, grunt_ministairs_8,
          kennysheep_flooded_box, nicolae_wooded_promenade
D:6:      layout_loops_ring, lemuel_round_altar
D:7:      old_forge, layout_gridville, kennysheep_little_box,
          minmay_temple_entry_ruins, uniq_crazy_yiuf_cottage
D:8:      layout_gridville, led_sif_pool, minmay_misc_feat_chi, uniq_joseph
D:9:      layout_rooms, mainiacjoe_overflow_six_doors_small, david_orc_3,
          uniq_prince_ribbit1
D:10:     dragon1_lemuel, layout_stronghold, nicolae_wu_jian_wuxing_cycle,
          gammafunk_ghost_ooze, hangedman_misty_isle, uniq_urug, uniq_snorg
D:11:     minmay_imperfect_grid, layout_basic, david_lair_generic
D:12:     layout_basic, serial_corexii_hall, corexii_hall_statues_s,
          corexii_hall_statues_l, corexii_hall_statues_t, serial_shops,
          nicolae_inconvenience_store
D:13:     layout_roguey, serial_shops, nicolae_take_the_stairs,
          gauntlet_entry_generic
D:14:     layout_cross, lightli_vaults_fourway_checkpoint,
          nicolae_kikubaaqudgha_miasma_corner, dreamdust_deal_with_the_devil,
          grunt_decor_one_mirror, drop_trap, nicolae_shop_clearance
D:15:     grunt_enter_depths_magical_seal, layout_cave_pools,
          gammafunk_ghost_necromancy, hangedman_decor_lopped, uniq_rupert
Lair:1:   layout_layer_cave, uniq_sonja
Lair:2:   layout_chaotic_city, minmay_swamp_entry_eels,
          guppyfry_snake_entry_island, uniq_gastronok, uniq_harold
Lair:3:   layout_regular_city, nicolae_lair_run_with_the_wolves, uniq_nergalle
Lair:4:   layout_gridlike, slime_entry_1, nicolae_quartered_pool_medium,
          cheibrodos_lair_lostbears
Lair:5:   minmay_lair_end_frog_pond, layout_gridlike
Swamp:1:  nicolae_swamp_secret_spriggan_hideout, layout_basic_swamp,
          evilmike_swamp_ruin_house_3, swamp_pool1, nicolae_swamp_dense_foliage
Swamp:2:  layout_basic_swamp, nicolae_swamp_ascending_descending_big,
          uniq_frances
Swamp:3:  layout_falls_marsh, nicolae_swamp_small_spring, swamp_pool1
Swamp:4:  swamp_icy, layout_basic_swamp, swamp_pool5
Snake:1:  layout_rooms, serial_shops, shop, grunt_megastairs_1
Snake:2:  layout_misc_corridors, serial_bayou_shore_a
Snake:3:  layout_layer_cave, serial_shops, nicolae_shop_crystal,
          grunt_megastairs_2, uniq_aizul, uniq_louise
Snake:4:  grunt_snake_rune_spirals, layout_onion, serial_shops, shop, shop,
          nicolae_shop_waterfront, nicolae_lakefront_shop, uniq_bai_suzhen
Orc:1:    layout_diamond_mine
Orc:2:    grunt_orc_cross, layout_caves, bh_open_orc_temple
Elf:1:    nicolae_elf_arrival_dilemma, layout_loops_corners,
          hangedman_elf_represent
Vaults:1: v_alt_pattern_4, nicolae_vaults_shelves_hall, v_misc_27,
          hangedman_vaults_cutoff, hangedman_vaults_stretched_pinwheel,
          nicolae_vaults_stairing_the_circle,
          nicolae_vaults_windows_and_doors_thing, v_rooms_1, v_alt_pattern_6,
          vaults_dpeg_ring, dpeg_vaults_hating_casters,
          ontoclasm_vaults_decontamination, vaults_mumra_chevron,
          vaults_room_grid, layout_vaults_omnibox

Skill      XL: |  1  2  3  4  5  6  7  8  9 10 11 12 13 14 15 16 17 18 19 20 |
---------------+-------------------------------------------------------------+-----
Fighting       | 4 5 6 7 9 10 11 12 13 14 | 14.1
Maces & Flails | 4 5 6 8 9 10 11 12 14 15 16 17 18 | 18.4
Armour         | 3 4 5 6 7 8 11 12 13 | 13.6
Dodging        | 2 3 4 5 6 7 8 9 |  9.5
Stealth        | 1 3 4 5 6 |  6.7
Throwing       | 2 4 5 6 7 8 10 11 | 11.5
Shields        | 3 9 11 12 14 15 16 17 | 17.4
Ranged Weapons | 3 5 6 7 8 9 10 | 10.4
Evocations     | 3 4 5 6 8 9 |  9.8

Action                   |  1- 3 |  4- 6 |  7- 9 | 10-12 | 13-15 | 16-18 | 19-21 || total
-------------------------+-------+-------+-------+-------+-------+-------+-------++-------
Melee: Mace              |    88 |    29 |       |       |    12 |       |       ||   129
       Whip              |       |   109 |   347 |   480 |  1251 |   228 |       ||  2415
       Punch             |       |     2 |     2 |     3 |       |       |       ||     7
       Demon whip        |       |       |       |       |       |   549 |    28 ||   577
       Eveningstar       |       |       |       |       |       |   813 |   750 ||  1563
 Fire: Sling             |       |       |       |       |   124 |    56 |       ||   180
Throw: Dart              |       |       |       |     5 |     4 |       |     1 ||    10
       Javelin           |       |       |       |       |       |    24 |       ||    24
       Boomerang         |       |       |       |       |       |    52 |       ||    52
Invok: Berserk           |       |     1 |     2 |     4 |     4 |     8 |     9 ||    28
       Brothers in Arms  |       |       |       |       |       |       |     1 ||     1
 Abil: Evoke Invisibilit |       |       |       |       |       |       |     1 ||     1
Evoke: Wand              |       |       |       |       |       |     3 |       ||     3
       Condenser vane    |       |       |       |       |       |       |     1 ||     1
  Use: Scroll            |       |     4 |     1 |    13 |    13 |     8 |     3 ||    42
       Potion            |       |       |       |     1 |     4 |     2 |     1 ||     8
 Stab: Distracted        |       |       |     1 |       |       |     1 |     2 ||     4
       Sleeping          |       |       |     4 |     1 |     6 |     5 |     2 ||    18
Armor: Animal skin       |    37 |     9 |       |       |       |       |       ||    46
       Robe              |       |    42 |    45 |       |       |       |       ||    87
       Leather armour    |       |       |    82 |   139 |   366 |    89 |       ||   676
       Scale mail        |       |       |       |       |       |   431 |   320 ||   751
Dodge: Dodged            |    53 |    58 |   190 |   180 |   472 |   664 |   324 ||  1941
Block: Buckler           |       |       |       |    30 |   213 |       |       ||   243
       Kite shield       |       |       |       |       |   147 |   806 |   139 ||  1092
       Tower shield      |       |       |       |       |       |    16 |   561 ||   577
       Reflection        |       |       |       |       |       |       |    12 ||    12
